Map: Zen LE

Players

meeK - Winner!

  • Race: Protoss Protoss
  • League: Diamond
  • Spawn Location: 7:00

OiLTowN

  • Race: Zerg Zerg
  • League: Diamond
  • Spawn Location: 1:00

VOD

Have the link to the VOD?

Description

Time

  • Played on: April 17, 2020, 6:10 p.m.
  • Length: 5:29
Show
View Real Time Build Order
Export as new Build Order

meeK Protoss - Winner!

Build Orders: 1 Gate Expand 

Get SALT Encoding   

  12  0:00  Probe  
  13  0:13  Probe  
  14  0:21  Pylon  
  14  0:25  Probe (Chrono Boost)  
  15  0:40  Probe (Chrono Boost)  
  15  0:42  Gateway  
  16  0:46  Probe (Chrono Boost)  
  16  0:48  Assimilator  
  17  0:55  Probe  
  18  1:07  Probe  
  19  1:23  Nexus  
  19  1:36  Cybernetics Core  
  19  1:41  Pylon  
  19  1:46  Assimilator  
  19  1:49  Probe  
  20  2:06  Gateway  
  20  2:09  Warp Gate  
  20  2:10  Pylon  
  20  2:13  Adept (Chrono Boost)  
  22  2:31  Twilight Council  
  22  2:35  Probe  
  23  2:38  Probe  
  24  2:45  Stalker (Chrono Boost)  
  26  2:58  Robotics Facility  
  26  3:01  Probe  
  27  3:06  Probe  
  28  3:12  Charge (Chrono Boost)  
  28  3:24  Gateway  
  28  3:31  Gateway  
  28  3:36  Gateway  
  28  3:42  Probe x2  
  30  3:50  Warp Prism  
  32  4:00  Gateway, Probe  
  32  4:02  Probe  
  34  4:09  Gateway  
  34  4:16  Pylon  
  34  4:20  Probe x2  
  36  4:29  Pylon  
  36  4:32  Probe x2  
  38  4:38  Zealot x2  
  38  4:39  Zealot  
  38  4:41  Zealot  
  46  5:01  Zealot x4  
  46  5:02  Zealot x2  
  46  5:06  Zealot  
Show
View Real Time Build Order
Export as new Build Order

OiLTowN Zerg 

Build Orders: Hatch First 

Get SALT Encoding   

  12  0:01  Drone  
  13  0:13  Overlord  
  13  0:17  Drone  
  14  0:31  Drone  
  14  0:32  Drone  
  16  0:49  Hatchery  
  15  0:53  Drone  
  15  0:56  Drone  
  17  1:11  Spawning Pool  
  16  1:14  Extractor  
  16  1:16  Drone  
  16  1:28  Drone  
  16  1:31  Drone x2  
  19  1:40  Drone  
  20  1:50  Overlord  
  20  1:58  Queen  
  20  2:00  Queen  
  24  2:03  Zergling x2  
  25  2:09  Drone  
  25  2:14  Drone x2  
  28  2:18  Metabolic Boost  
  28  2:25  Drone x2  
  30  2:34  Drone x2  
  32  2:43  Queen  
  34  2:44  Overlord  
  34  2:50  Overlord  
  34  3:02  Hatchery  
  33  3:06  Drone  
  33  3:11  Lair  
  34  3:19  Queen  
  36  3:25  Drone  
  37  3:28  Drone  
  38  3:34  Drone x4  
  38  3:35  Drone  
  38  3:37  Overlord  
  43  3:45  Drone  
  43  3:48  Overlord  
  44  3:55  Spore Crawler, Drone  
  43  3:58  Extractor x2  
  43  4:01  Drone  
  43  4:02  Overlord  
  43  4:04  Drone x3  
  43  4:09  Hydralisk Den  
  45  4:11  Extractor  
  45  4:12  Drone  
  45  4:24  Overseer  
  45  4:29  Queen  
  47  4:37  Evolution Chamber, Drone x3  
  49  4:38  Evolution Chamber  
  49  4:39  Drone x3  
  49  4:43  Drone x2  
  49  4:44  Drone x2  
  55  4:59  Roach Warren  
  54  5:03  Zergling x2  
  54  5:04  Zergling x12  
  61  5:09  Baneling Nest  
Tags
 
Add a new tag
Caveats
  • Supply blocks, unpowered buildings, or Contaminate may cause inaccurate times.
  • Supply counts are checked every 10 seconds.